 Dungeon Crawl Stone Soup version 0.20.1-1-g8b1a95d (webtiles) character file.

261 QuCean the Shield-Bearer (level 5, -9/42 HPs)
             Began as a Minotaur Fighter on Oct 14, 2017.
             Mangled by Menkaure (20 damage)
             ... on level 4 of the Dungeon.
             The game lasted 00:08:49 (4112 turns).

QuCean the Shield-Bearer (Minotaur Fighter)         Turns: 4112, Time: 00:08:58

Health: -9/42      AC:  9    Str: 21    XL:     5   Next: 96%
Magic:  4/4        EV:  6    Int:  5    God:
Gold:   189        SH: 10    Dex:  8    Spells: 4/4 levels left

rFire    . . .     SeeInvis .   a - +0 war axe
rCold    . . .     Gourm    .   c - +1 shield
rNeg     . . .     Faith    .   q - +0 chain mail
rPois    .         Spirit   .   (helmet restricted)
rElec    .         Reflect  .   (no cloak)
rCorr    .         Harm     .   (no gloves)
MR       .....                  (no boots)
Stlth    ..........             (no amulet)
Regen    0.2/turn               m - ring of flight
MPRegen  0.1/turn               (no ring)

@: no status effects
A: retaliatory headbutt, horns 2, clumsy 1, frail 1
a: Evoke Flight


You were on level 4 of the Dungeon.
You were not hungry.

You visited 1 branch of the dungeon, and saw 4 of its levels.

You collected 189 gold pieces.

Inventory:

Hand Weapons
 a - a +0 war axe (weapon)
Armour
 b - a +0 scale mail
 c - a +1 shield (worn)
 q - a +0 chain mail (worn)
Jewellery
 m - a ring of flight (left hand)
Scrolls
 e - 3 scrolls of enchant armour
 k - 2 scrolls of recharging
 n - a scroll of immolation {unknown}
 r - 3 scrolls of teleportation
 v - a scroll of remove curse
 w - a scroll of magic mapping {unknown}
Potions
 d - a potion of might
 g - a potion of flight {unknown}
 h - 2 potions of lignification {unknown}
 i - a potion of degeneration {unknown}
 l - a potion of brilliance {unknown}
 o - a potion of ambrosia {unknown}
 p - a potion of resistance {unknown}
 s - a potion of cancellation {unknown}
Comestibles
 f - a bread ration
 j - 2 meat rations
 x - a royal jelly


   Skills:
 + Level 4.8 Fighting
 + Level 4.6 Axes
 + Level 4.4 Armour
 + Level 1.5 Dodging
 + Level 0.1 Stealth
 + Level 5.1 Shields


You had 4 spell levels left.
You didn't know any spells.

Dungeon Overview and Level Annotations

Branches:
Dungeon (4/15)
 Temple: D:4-7

Altars:

Annotations:
D:4 Menkaure


Innate Abilities, Weirdness & Mutations

You reflexively headbutt those who attack you in melee.
You have a pair of horns on your head.
You are clumsy. (Dex -2)
You are frail. (-10% HP)


Message History

Menkaure is severely damaged.
Menkaure gestures wildly while chanting.
Menkaure seems to speed up.
You slash Menkaure!
Menkaure is almost destroyed.
You barely miss the iguana. You block the iguana's attack.
Menkaure gestures at you while chanting.
Pain shoots through your body! You block the iguana's attack.
You hit Menkaure but do no damage. Your headbutt misses Menkaure.
Menkaure is almost destroyed.
You barely miss the iguana. Menkaure hits you but does no damage.
The iguana bites you! You block Menkaure's attack.
You barely miss Menkaure.
Menkaure is almost destroyed.
You closely miss the iguana.
Menkaure calls on the powers of darkness!
Your body is wracked with pain!
* * * LOW HITPOINT WARNING * * *
The iguana convulses!
You block the iguana's attack. Menkaure hits you!!
You die...

#....... .... ..
#....... .... #l#
#....... ..... #..
####....... ..... ..
........... ......
#.######'#'###
......#### ..# #.....#
.........###.## #..[..##
......M@l.....# #.....'.
######...##.#.###.....##
#...##.#..##.....##
#....#.##.##.......
#....#.##.###.##.##
+....#.##..##.##...
#....#.###.##.###..
................<..
.....###.#.###..


You could see Menkaure and an iguana.

Vanquished Creatures
  2 orc wizards
  An orc priest (D:4)
  2 worker ants (D:4)
  5 adders
  3 oozes (D:2)
  2 worms (D:2)
  4 leopard geckos
  5 orcs
  9 bats
  2 giant cockroaches
  5 goblins
  7 hobgoblins
  7 kobolds
  A quokka (D:2)
  3 frilled lizards
  7 rats
  A bush (D:1)
66 creatures vanquished.

Notes
Turn   | Place    | Note
-------+----------+-------------------------------------------
     0 | D:1      | QuCean the Minotaur Fighter began the quest for the Orb.
     0 | D:1      | Reached XP level 1. HP: 19/19 MP: 0/0
   129 | D:1      | Reached XP level 2. HP: 16/27 MP: 1/1
  1106 | D:1      | Reached skill level 4 in Shields
  1411 | D:1      | Reached XP level 3. HP: 33/33 MP: 2/2
  2109 | D:2      | Reached XP level 4. HP: 38/41 MP: 3/3
  3078 | D:3      | Reached XP level 5. HP: 25/47 MP: 4/4
  3393 | D:3      | Gained mutation: You are frail. (-10% HP) [mutagenic glow]
  3448 | D:3      | Gained mutation: You are clumsy. (Dex -2) [mutagenic glow]
  3673 | D:4      | Reached skill level 1 in Dodging
  3809 | D:4      | Reached skill level 5 in Shields
  4103 | D:4      | Noticed Menkaure
  4112 | D:4      | Mangled by Menkaure

Skill      XL: |  1  2  3  4  5 |
---------------+----------------+-----
Fighting       | 4 |  4.8
Shields        | 4 5 |  5.1
Axes           | 3 4 |  4.6
Armour         | 4 |  4.4
Dodging        | 1 |  1.5
Stealth        | |  0.1

Action                   |  1- 3 |  4- 6 || total
-------------------------+-------+-------++-------
Melee: War axe           |   133 |    65 ||   198
       Headbutt          |    22 |     8 ||    30
  Use: Scroll            |     4 |     1 ||     5
  Eat: Chunk             |     4 |     3 ||     7
       Bread ration      |       |     1 ||     1
Armor: Scale mail        |    24 |    18 ||    42
       Chain mail        |       |    16 ||    16
Dodge: Dodged            |    30 |    21 ||    51
Block: Shield            |    53 |    60 ||   113
